 Dungeon Crawl Stone Soup version 0.25.0-1-g7eea58d (webtiles) character file.

Game seed: 14539018510855318820

23 wrhowe the Skirmisher (level 3, -5/30 HPs)
             Began as a Formicid Berserker on June 13, 2020.
             Was a Believer of Trog.
             Killed by divine providence
             ... invoked by an orc priest
              (9 damage)
             ... on level 3 of the Dungeon.
             The game lasted 00:04:54 (579 turns).

wrhowe the Skirmisher (Formicid Berserker)           Turns: 579, Time: 00:04:54

Health: -5/30      AC:  8    Str: 22    XL:     3   Next: 12%
Magic:  3/3        EV:  8    Int:  6    God:    Trog [**....]
Gold:   46         SH:  0    Dex: 10    Spells: 2/2 levels left

rFire    . . .     SeeInvis +   a - +0 hand axe
rCold    . . .     Gourm    .   (no shield)
rNeg     . . .     Faith    .   g - +0 chain mail
rPois    .         Spirit   .   (helmet unavailable)
rElec    .         Reflect  .   (no cloak)
rCorr    .         Harm     .   (no gloves)
MR       .....                  (no boots)
Stlth    ..........             (no amulet)
HPRegen  0.10/turn              (no ring)
MPRegen  0.08/turn              (no ring)

@: no status effects
A: permanent stasis, dig shafts and tunnels, four strong arms, antennae 3
a: Dig, Shaft Self, Trog's Hand, Renounce Religion


You were on level 3 of the Dungeon.
You worshipped Trog.
Trog was pleased with you.
You were not hungry.

You visited 1 branch of the dungeon, and saw 3 of its levels.

You collected 46 gold pieces.

Inventory:

Hand Weapons
 a - a +0 hand axe (weapon)
Armour
 b - a +0 animal skin
 d - a +0 scale mail
 g - a +0 chain mail (worn)
Scrolls
 e - 2 scrolls of fear {unknown}
 h - a scroll of amnesia {unknown}
Potions
 f - a potion of haste {unknown}
 i - a potion of magic {unknown}
Comestibles
 c - 3 rations


   Skills:
 + Level 3.7 Fighting
 + Level 3.4 Axes
 + Level 2.5 Armour
 + Level 1.9 Dodging


You had 2 spell levels left.
You didn't know any spells.
Your spell library was empty.

Dungeon Overview and Level Annotations

Branches:
Dungeon (3/15)

Altars:
Zin


Innate Abilities, Weirdness & Mutations

You cannot be hasted, slowed, berserked, paralysed or teleported.
You can dig through walls and to a lower floor.
Your four strong arms can wield two-handed weapons with a shield.
You have a pair of large antennae on your head. (SInv)


Message History

The orc shouts!
An orc priest comes into view.
You see here a golden potion.
i - a golden potion The leopard gecko bites you.
The orc priest calls down the wrath of Beogh upon you.
Beogh smites you!
The leopard gecko bites you but does no damage.
You hit the leopard gecko but do no damage.
The leopard gecko bites you but does no damage.
You miss the leopard gecko. The leopard gecko bites you.
The orc priest invokes the aid of Beogh against you.
Beogh smites you!
* * * LOW HITPOINT WARNING * * *
The leopard gecko barely misses you.
There is a stone staircase leading down here.
The leopard gecko barely misses you.
The orc priest mumbles some strange prayers to Beogh against you.
Beogh smites you!
You die...

#### .# .... ##.####
..... #.....# .....
#.....# ...... #.....#
......### ....
........###.#
###.......########.#
..........oo.ool@....#
#####....##o##########
###....##.####### .
......##......)#
.###.###.##.......# ..
#..##..†.......#
#.###.#...#.......#
#.#.._..#.#.##.####
#...#.###^#.# .#


You could see an orc priest, 4 orcs and a leopard gecko.

Vanquished Creatures
  2 bats (D:1)
  2 giant cockroaches
  A goblin (D:2)
  4 hobgoblins
  4 jackals (D:2)
  A quokka (D:3)
  2 frilled lizards
  A kobold (D:2)
  4 rats
21 creatures vanquished.

Notes
Turn   | Place    | Note
-------+----------+-------------------------------------------
     0 | D:1      | wrhowe the Formicid Berserker began the quest for the Orb.
     0 | D:1      | Reached XP level 1. HP: 18/18 MP: 1/1
   287 | D:2      | Reached XP level 2. HP: 21/24 MP: 2/2
   523 | D:3      | Found a glowing silver altar of Zin.
   532 | D:3      | Reached XP level 3. HP: 28/30 MP: 3/3
   549 | D:3      | Reached ** piety under Trog
   579 | D:3      | Killed from afar by an orc priest

Illustrated notes

Levels and vault maps discovered:
D:1:      dpeg_arrival_more_subterranean_lakeside_camping, layout_basic
D:2:      layout_basic, fedhas_ov_isle_minmay, minmay_misc_feat_hallway,
          chequers_serial_rivers_micro_c
D:3:      layout_basic, lemuel_crystal_altar, biasface_ghost_orc_armoury

Action                   || total
-------------------------++-------
Melee: Hand axe          ||    77
Armor: Scale mail        ||    26
       Animal skin       ||    12
       Chain mail        ||    10
Dodge: Dodged            ||    69
